 Dungeon Crawl Stone Soup version 0.28.0-53-g5a82cb258f (webtiles) character file.

Game seed: 8817595524158183848

679 GigaChad the Slasher (level 7, -4/61 HPs)
             Began as a Minotaur Fighter on Aug 22, 2022.
             Was a Follower of Okawaru.
             Slain by Edmund
             ... wielding a +5 flail of protection
              (6 damage)
             ... on level 4 of the Dungeon.
             The game lasted 00:09:59 (3481 turns).

GigaChad the Slasher (Minotaur Fighter)             Turns: 3481, Time: 00:10:00

Health: -4/61      AC: 11    Str: 22    XL:     7   Next: 34%
Magic:  6/6        EV:  8    Int:  5    God:    Okawaru [*.....]
Gold:   258        SH:  5    Dex: 10    Spells: 6/6 levels left

rFire   . . .      SeeInvis .   a - +0 long sword
rCold   . . .      Faith    +   c - +0 buckler
rNeg    . . .      Spirit   .   h - +1 chain mail
rPois   .          Reflect  .   (helmet restricted)
rElec   .          Harm     .   (no cloak)
rCorr   .          Rampage  .   (no gloves)
Will    .....                   (no boots)
Stlth   ..........              j - amulet of faith
HPRegen 0.20/turn               e - ring of flight
MPRegen 0.10/turn               (no ring)

@: flying
A: horns 2, retaliatory headbutt
a: Renounce Religion, Heroism


You were on level 4 of the Dungeon.
You worshipped Okawaru.
Okawaru was aware of your devotion.
You visited 2 branches of the dungeon, and saw 5 of its levels.

You collected 258 gold pieces.

Inventory:

Hand Weapons
 a - a +0 long sword (weapon)
Armour
 b - a +0 scale mail
 c - a +0 buckler (worn)
 h - a +1 chain mail (worn)
Jewellery
 e - a ring of flight (left hand)
 j - an amulet of faith (around neck)
Scrolls
 g - a scroll of torment
 i - a scroll of teleportation {unknown}
 m - a scroll of amnesia
Potions
 d - a potion of might
 f - a potion of lignification {unknown}
 k - 2 potions of brilliance {unknown}


   Skills:
 + Level 5.2 Fighting
 + Level 6.2 Long Blades
 + Level 6.1 Armour
 + Level 1.6 Dodging
 + Level 0.3 Stealth
 + Level 5.2 Shields


You had 6 spell levels left.
You didn't know any spells.
Your spell library contained the following spells:

 Spells                   Type           Power      Damage    Failure   Level
 Freeze                   Ice            0%         1d3       99%         1
 Frozen Ramparts          Ice            0%         1d2       100%        3
 Hailstorm                Conj/Ice       0%         3d3       100%        4


Dungeon Overview and Level Annotations

Branches:
Dungeon (4/15)             Temple (1/1) D:4

Altars:
Cheibriados
Dithmenos
Fedhas
Hepliaklqana
Kikubaaqudgha
Makhleb
Nemelex Xobeh
Okawaru
Qazlal
Trog
Uskayaw
Vehumet
Xom
Zin
The Shining One

Shops:
D:2 (((

Annotations:
D:4 Edmund


Innate Abilities, Weirdness & Mutations

You have a pair of horns on your head.
You reflexively headbutt those who attack you in melee.


Message History

Grinder is lightly wounded.
Grinder hits you!
* * * LOW HITPOINT WARNING * * *
You block Edmund's attack.
You slash Grinder! Your headbutt misses Grinder.
Grinder is heavily wounded.
You block Grinder's attack.
Edmund says, "A flail is better than a scythe, any day of the week!"
Edmund hits you but does no damage.
You barely miss Grinder.
Grinder is heavily wounded.
The endoplasm hits you but does no damage.
Grinder hits you.
* * * LOW HITPOINT WARNING * * *
You writhe in agony.
* * * LOW HITPOINT WARNING * * *
Edmund hits you but does no damage.
You slash Grinder!
Grinder is almost dead.
You block the endoplasm's attack. You block Grinder's attack.
Edmund says, "People accused me of being a cutpurse!"
Edmund hits you but does no damage.
The endoplasm hits you but does no damage.
You slash Grinder!
You kill Grinder!
Okawaru is honoured by your kill.
You can now gain great but temporary skills.
Edmund hits you with a +5 flail of protection!
* * * LOW HITPOINT WARNING * * *
The endoplasm hits you but does no damage.
Your Fighting skill increases to level 5!
Your Long Blades skill increases to level 6!
Your Armour skill increases to level 6!
You have reached level 7!
Edmund says, "People think my brother is the best.
I think he's crazy."
You block the endoplasm's attack.
The endoplasm hits you but does no damage.
You hit Edmund but do no damage.
Edmund hits you with a +5 flail of protection.
You die...

### .## ..... ..... #.###
...##...... ....
....###......( ... ..:
............#####.###.##...
...........# #.............
..........## #.####.####..#
...........##..##.....## .#
...<.......##..#.J.....#..#
...............#@@.....#..#
............##....._......#
..รท..........#.#.......#..#
...........#.#.#.......#..#
...........#.#.##.....## ##
.#.........#...####.####.#
#..........##............#
#.........###..#.#...#####
..........# ##........###


You could see Edmund and an endoplasm.

Vanquished Creatures
  Grinder (D:4)
  2 necrophages (D:4)
  A phantom (D:4)
  A bullfrog (D:3)
  A water moccasin zombie (D:3)
  2 hound skeletons (D:4)
  4 adders
  A worm (D:4)
  2 dart slugs (D:4)
  13 ball pythons
  8 bats
  5 endoplasms
  2 giant cockroaches
  3 goblins
  9 hobgoblins
  4 jackals (D:1)
  4 frilled lizards
  4 kobolds
  3 rats (D:1)
70 creatures vanquished.

Notes
Turn   | Place    | Note
-------+----------+-------------------------------------------
     0 | D:1      | GigaChad the Minotaur Fighter began the quest for the Orb.
     0 | D:1      | Reached XP level 1. HP: 19/19 MP: 0/0
   116 | D:1      | Reached XP level 2. HP: 27/27 MP: 1/1
   426 | D:1      | Reached XP level 3. HP: 30/33 MP: 2/2
   992 | D:2      | You fall into a shaft and drop 1 floor!
  1150 | D:2      | Found Suniapn's Weapon Boutique.
  1473 | D:2      | Reached XP level 4. HP: 20/40 MP: 3/3
  1721 | D:2      | Found Bineom's Weapon Emporium.
  1784 | D:2      | Found Vetipor's Weapon Emporium.
  2007 | D:3      | Found a blossoming altar of Fedhas.
  2243 | D:3      | Reached skill level 1 in Dodging
  2404 | D:4      | Noticed a bullfrog
  2406 | D:4      | Reached XP level 5. HP: 36/46 MP: 4/4
  2417 | D:3      | Reached skill level 5 in Armour
  2607 | D:4      | Noticed a phantom
  2636 | D:4      | Killed a phantom
  2637 | D:4      | Reached skill level 5 in Long Blades
  2637 | D:4      | Reached XP level 6. HP: 38/53 MP: 5/5
  2793 | D:4      | Found an iron altar of Okawaru.
  2815 | D:4      | Became a worshipper of Warmaster Okawaru
  2848 | D:4      | Found a bloodstained altar of Trog.
  2891 | D:4      | Reached skill level 5 in Shields
  3049 | D:4      | Found a hide-covered altar of Uskayaw.
  3081 | D:4      | Found a staircase to the Ecumenical Temple.
  3091 | Temple   | Entered the Ecumenical Temple
  3378 | D:4      | Found a radiant altar of Vehumet.
  3463 | D:4      | Noticed Edmund
  3463 | D:4      | Noticed Grinder
  3477 | D:4      | Killed Grinder
  3477 | D:4      | Reached * piety under Okawaru
  3477 | D:4      | HP: 1/55 [Edmund/+5 flail of protection (9)]
  3478 | D:4      | Reached skill level 5 in Fighting
  3478 | D:4      | Reached XP level 7. HP: 1/61 MP: 6/6
  3481 | D:4      | Slain by Edmund

Illustrated notes

Levels and vault maps discovered:
D:1:      matt_arrival_grand_opening, layout_basic, minmay_octomino_e4
D:2:      layout_basic, serial_shops, nicolae_diamond_shop,
          nicolae_shop_hallway_plus, nicolae_shop_bloodbath_and_beyond,
          minmay_misc_feat_doors
D:3:      minmay_angry_zag, layout_basic, fedhas_ov_isle_minmay
D:4:      layout_cave_pods, mainiacjoe_overflow_catwalk, lemuel_tele_altar,
          old_standard_altar, trog_three_pillars_becter, temple_pool_b,
          uniq_grinder, uniq_edmund
Temple:   jpeg_temple_alley_garden

Skill      XL: |  1  2  3  4  5  6 |
---------------+-------------------+-----
Shields        | 4 5 |  5.2
Armour         | 4 5 6 |  6.1
Long Blades    | 3 5 6 |  6.2
Fighting       | 4 5 |  5.2
Dodging        | 1 |  1.6
Stealth        | |  0.3

Action                   |  1- 3 |  4- 6 |  7- 9 || total
-------------------------+-------+-------+-------++-------
Melee: Long sword        |    80 |    95 |     1 ||   176
       Headbutt          |     8 |    23 |       ||    31
  Use: Scroll            |     4 |     2 |       ||     6
Armor: Scale mail        |    46 |       |       ||    46
       Chain mail        |    30 |    58 |     1 ||    89
Dodge: Dodged            |    53 |    23 |       ||    76
Block: Buckler           |    21 |    25 |     1 ||    47
